[Event "Titled Tuesday Blitz April 18 Early 2023"]
[White "Ivanchuk, Vasyl"]
[Black "Rodshtein, Maxim"]
[WhiteFideId "14100010"]
[BlackFideId "2806851"]
[WhiteElo "2710"]
[BlackElo "2555"]
[Result "0-1"]
[Round "06"]
[TimeControl "180+2"]
[Date "2023.04.18"]
[WhiteClock "0:00:24"]
[BlackClock "0:00:20"]

1. e4 g6 2. d4 Bg7 3. c4 d6 4. Nc3 Nc6 5. Nge2 e5 6. Be3 Nf6 7. f3 O-O 8. Qd2 a6 9. d5 Ne7 10. g4 h5 11. h3 Bd7 12. Bg5 b5 13. Ng3 Nh7 14. gxh5 Nxg5 15. Qxg5 Kh7 16. Rg1 Bh6 17. Qf6 Qe8 18. Nge2 g5 19. Rxg5 Ng8 20. Rxg8 Rxg8 21. Qh4 Bg5 22. Qf2 Qe7 23. Qh2 bxc4 24. Kd1 Rab8 25. Kc2 Be3 26. h4 Rg7 27. Bh3 Rbg8 28. Rh1 Kh6 29. Nd1 Bc5 30. Nec3 Bxh3 31. Qxh3 Rg2+ 32. Kb1 Qf6 33. Rf1 Qf4 34. a3 Bd4 35. Qd7 Rb8 36. Qxc7 Rbxb2+ 37. Nxb2 Rxb2+ 38. Ka1 Bxc3 39. Qxd6+ Kxh5 0-1


[Site "https://www.chess.com"]

[Event "Titled Tuesday Blitz April 18 Early 2023"]
[White "Sargsyan, Shant"]
[Black "Fier, Alexandr"]
[WhiteFideId "13306766"]
[BlackFideId "2107139"]
[WhiteElo "2628"]
[BlackElo "2610"]
[Result "0-1"]
[Round "06"]
[TimeControl "180+2"]
[Date "2023.04.18"]
[WhiteClock "0:00:08"]
[BlackClock "0:00:54"]

1. g3 Nf6 2. c4 c5 3. Bg2 d5 4. cxd5 Nxd5 5. Nc3 Nc7 6. d3 Nc6 7. Be3 e5 8. Rc1 Bd7 9. a3 Be7 10. Nf3 O-O 11. O-O f6 12. Nd2 Rc8 13. b4 cxb4 14. axb4 Nxb4 15. Bxb7 Rb8 16. Bg2 a5 17. Nc4 Nb5 18. Na4 Nd4 19. Nc3 Kh8 20. Ra1 Ndc2 21. Rc1 Nxe3 22. Nxe3 f5 23. Nc4 Bf6 24. Na4 Bc6 25. Bxc6 Nxc6 26. Nc5 Qe7 27. Na4 f4 28. Qd2 Nd4 29. Nc3 f3 30. e3 Qe6 31. Kh1 Qh3 32. Rg1 Bg5 33. Ne4 Bh6 34. Qxa5 Ne2 35. Nxe5 Nxc1 36. Qc7 Ne2 37. Nf7+ Kg8 38. Nfg5 Bxg5 39. Nxg5 Qf5 40. Qc4+ Kh8 41. h4 Nxg1 42. Kxg1 h6 43. g4 Qc8 44. Nf7+ Rxf7 0-1


[Site "https://www.chess.com"]

[Event "Titled Tuesday Blitz April 18 Early 2023"]
[White "Kramnik, Vladimir"]
[Black "Szpar, Milosz"]
[WhiteFideId "4101588"]
[BlackFideId "1184989"]
[WhiteElo "2712"]
[BlackElo "2436"]
[Result "0-1"]
[Round "06"]
[TimeControl "180+2"]
[Date "2023.04.18"]
[WhiteClock "0:00:08"]
[BlackClock "0:00:07"]

1. e4 e6 2. d4 d5 3. e5 c5 4. c3 Nc6 5. Nf3 Bd7 6. Be2 Nge7 7. O-O Ng6 8. Be3 Qb6 9. b3 Be7 10. Nbd2 cxd4 11. cxd4 O-O 12. a3 f6 13. b4 fxe5 14. Nxe5 Ncxe5 15. dxe5 Qc7 16. f4 d4 17. Bxd4 Nxf4 18. Ne4 Bc6 19. Nf6+ Bxf6 20. exf6 Rad8 21. Bc4 Bxg2 22. Rxf4 Qxf4 23. Bxe6+ Rf7 24. Bxf7+ Kxf7 25. Qh5+ Kg8 26. Kxg2 Qe4+ 27. Kh3 Rxd4 28. Rg1 Rd3+ 29. Rg3 Qe6+ 30. Kh4 Rd4+ 31. Rg4 Rxg4+ 32. Qxg4 Qxg4+ 33. Kxg4 gxf6 34. Kf5 Kf7 35. b5 b6 36. a4 Ke7 37. h3 Kf7 38. h4 Ke7 39. h5 Kf7 40. h6 Ke7 41. Ke4 Ke6 42. Kf4 f5 43. Kg5 Ke5 44. Kh5 Kf6 45. Kh4 Kg6 46. Kg3 Kg5 47. Kf3 Kxh6 48. Kf4 Kg6 49. Ke5 Kg5 50. Kd6 f4 51. Kc7 f3 52. Kb7 f2 53. Kxa7 f1=Q 0-1


[Site "https://www.chess.com"]

[Event "Titled Tuesday Blitz April 18 Early 2023"]
[White "Puranik, Abhimanyu"]
[Black "Harsh Suresh"]
[WhiteFideId "5061245"]
[BlackFideId "45018464"]
[WhiteElo "2477"]
[BlackElo "2227"]
[Result "1-0"]
[Round "06"]
[TimeControl "180+2"]
[Date "2023.04.18"]
[WhiteClock "0:02:08"]
[BlackClock "0:01:01"]

1. e4 c5 2. Nc3 Nc6 3. Bb5 Nd4 4. Nf3 a6 5. Bd3 Nc6 6. O-O g6 7. b3 Bg7 8. Bb2 e6 9. Re1 Nge7 10. e5 O-O 11. Ne4 b6 12. Nf6+ Bxf6 13. exf6 Nd5 14. Be4 Nxf6 15. Bxc6 dxc6 16. Qe2 Nd7 17. d4 cxd4 18. Nxd4 Bb7 19. Rad1 Qe7 20. Qe3 c5 21. Nf5 exf5 22. Qxe7 Bc6 23. Rxd7 Bxd7 24. Qf6 Rfe8 25. Qg7# 1-0


[Site "https://www.chess.com"]

[Event "Titled Tuesday Blitz April 18 Early 2023"]
[White "Galchenko, Matvey"]
[Black "Terry, Renato"]
[WhiteFideId "24175480"]
[BlackFideId "3803457"]
[WhiteElo "2423"]
[BlackElo "2575"]
[Result "1/2-1/2"]
[Round "06"]
[TimeControl "180+2"]
[Date "2023.04.18"]
[WhiteClock "0:00:06"]
[BlackClock "0:00:51"]

1. d4 e6 2. e4 d5 3. exd5 exd5 4. Nf3 Nc6 5. Bb5 Ne7 6. O-O a6 7. Ba4 b5 8. Bb3 Ng6 9. Re1+ Be7 10. c3 O-O 11. Nbd2 Bd6 12. Nf1 Na5 13. Bc2 Re8 14. Rxe8+ Qxe8 15. Ne3 Be6 16. Nf5 Bf8 17. Ng5 h6 18. Nxe6 Qxe6 19. b3 Re8 20. Be3 Nb7 21. Qd3 c5 22. h3 c4 23. Qd2 Nd6 24. Nxd6 Bxd6 25. a4 Nh4 26. axb5 cxb3 27. Bd3 axb5 28. Rb1 f5 29. Kf1 g5 30. Qd1 f4 31. Bd2 f3 32. g4 Bc7 33. Qxb3 Qd6 34. Re1 Rxe1+ 35. Kxe1 Kg7 36. Qxb5 Qh2 37. Kd1 Bf4 38. Qd7+ Kf8 39. Qd8+ Kg7 40. Qe7+ Kg8 41. Qe6+ Kg7 42. Qd7+ Kf8 43. Qd8+ Kg7 44. Qd7+ 1/2-1/2


[Site "https://www.chess.com"]

[Event "Titled Tuesday Blitz April 18 Early 2023"]
[White "Atakishiyev, Elmar"]
[Black "Ibarra Jerez, Jose Carlos"]
[WhiteFideId "13410547"]
[BlackFideId "2226332"]
[WhiteElo "2239"]
[BlackElo "2638"]
[Result "0-1"]
[Round "06"]
[TimeControl "180+2"]
[Date "2023.04.18"]
[WhiteClock "0:00:09"]
[BlackClock "0:00:15"]

1. c4 e5 2. e3 Nf6 3. a3 g6 4. b3 Bg7 5. Bb2 Nc6 6. d3 O-O 7. Nf3 d5 8. Nxe5 Nxe5 9. Bxe5 Re8 10. d4 c5 11. Be2 Qa5+ 12. Qd2 Qb6 13. O-O Be6 14. Nc3 Rad8 15. Na4 Ne4 16. Qb2 Qc6 17. Bxg7 Kxg7 18. Nxc5 Nxc5 19. dxc5+ Kg8 20. b4 dxc4 21. Bf3 Bd5 22. Bxd5 Rxd5 23. Rfd1 c3 24. Qxc3 Rg5 25. g3 Qf3 26. Rd6 Rf5 27. Qd2 h5 28. h4 Kh7 29. Rd1 Re4 30. Rd8 Rg4 31. Qb2 Rxg3+ 32. fxg3 Qxg3+ 33. Qg2 Qxe3+ 34. Kh1 Rf2 35. Qxf2 Qxf2 36. R8d7 Qxh4+ 37. Kg2 Qg4+ 38. Kf2 h4 39. R1d4 Qf5+ 40. Kg2 g5 41. R4d5 Qg4+ 42. Kf2 Kg6 43. R5d6+ f6 44. Rxb7 h3 45. Rb8 Qh4+ 46. Kg1 Qg3+ 47. Kf1 Qg2+ 48. Ke1 h2 49. Rh8 h1=Q+ 50. Rxh1 Qxh1+ 51. Kd2 Qe4 52. Kc3 g4 53. b5 g3 54. Rd3 Qxd3+ 55. Kxd3 g2 56. c6 g1=Q 57. Kc4 Qb6 58. a4 Kf7 59. Kb4 a5+ 60. Kc4 Ke7 61. Kd5 Kd8 62. Ke6 Kc7 63. Kxf6 Qd4+ 64. Ke6 Qxa4 65. b6+ Kxb6 66. Kd7 Qxc6+ 67. Kd8 Qc7+ 68. Ke8 Kc5 0-1


[Site "https://www.chess.com"]

[Event "Titled Tuesday Blitz April 18 Early 2023"]
[White "Alekseenko, Kirill"]
[Black "Wagner, Dennis"]
[WhiteFideId "4135539"]
[BlackFideId "24650684"]
[WhiteElo "2683"]
[BlackElo "2470"]
[Result "1-0"]
[Round "06"]
[TimeControl "180+2"]
[Date "2023.04.18"]
[WhiteClock "0:00:16"]
[BlackClock "0:00:16"]

1. d4 Nf6 2. Nc3 d5 3. Bg5 c5 4. e3 cxd4 5. exd4 Nc6 6. Nf3 e6 7. Bb5 Bd7 8. O-O Be7 9. Bxc6 Bxc6 10. Ne5 Rc8 11. Qf3 h6 12. Bh4 O-O 13. Rad1 b5 14. a3 a6 15. Rfe1 Bb7 16. h3 Ne4 17. Bxe7 Qxe7 18. Re3 f6 19. Ng6 Qf7 20. Nxf8 Qxf8 21. Rde1 Qd6 22. Qe2 Rc4 23. Nxe4 dxe4 24. c3 f5 25. f3 exf3 26. Rxe6 Qf4 27. Qe3 Qxe3+ 28. R1xe3 fxg2 29. Re8+ Kh7 30. R8e7 Bd5 31. Rg3 Kg8 32. Rexg7+ Kf8 33. Rd7 Be4 34. Rg6 Rc8 35. Rxh6 Kg8 36. Rg6+ Kh8 37. Rxg2 Bxg2 38. Kxg2 Re8 39. Kf2 Re4 40. Rd6 Rh4 41. Kg3 Re4 42. Rxa6 Re2 43. b4 Re3+ 44. Kf4 Rxh3 45. Kxf5 Rxc3 46. Ra7 Kg8 47. d5 Kf8 48. Ke6 Rh3 49. Ra8+ Kg7 50. d6 Re3+ 51. Kd5 Kf7 52. Kc6 Rc3+ 53. Kxb5 Ke6 54. Ra6 Kd7 55. a4 Rc1 56. Rb6 Rc2 57. a5 Rc1 58. Ka6 Kc8 59. Ka7 Rc4 60. b5 1-0


[Site "https://www.chess.com"]

[Event "Titled Tuesday Blitz April 18 Early 2023"]
[White "Chigaev, Maksim"]
[Black "Manukyan, Sargis A."]
[WhiteFideId "4108116"]
[BlackFideId "13303970"]
[WhiteElo "2547"]
[BlackElo "2187"]
[Result "1-0"]
[Round "06"]
[TimeControl "180+2"]
[Date "2023.04.18"]
[WhiteClock "0:01:48"]
[BlackClock "0:01:11"]

1. d4 d5 2. Nf3 e6 3. Bf4 c5 4. e3 Nc6 5. Nbd2 Nf6 6. c3 c4 7. Ne5 Nxe5 8. Bxe5 Bd6 9. f4 Bxe5 10. fxe5 Nd7 11. Qg4 g6 12. Be2 h5 13. Qf4 O-O 14. Qh6 b5 15. Nf3 f6 16. Qxg6+ Kh8 17. Qxh5+ Kg8 18. exf6 Qxf6 19. O-O Qf7 20. Qh4 Qh7 21. Qxh7+ Kxh7 22. Ng5+ Kg8 23. Nxe6 Rxf1+ 24. Rxf1 a5 25. Nc7 Rb8 26. Nxd5 Bb7 27. Nf6+ Nxf6 28. Rxf6 b4 29. Bxc4+ Kh8 30. Rb6 bxc3 31. bxc3 a4 32. Bd5 a3 33. Rxb7 Rf8 34. Bf3 Rg8 35. Ra7 1-0


[Site "https://www.chess.com"]

[Event "Titled Tuesday Blitz April 18 Early 2023"]
[White "Daneshvar, Bardiya"]
[Black "Bocharov, Dmitry"]
[WhiteFideId "12576468"]
[BlackFideId "4138716"]
[WhiteElo "2468"]
[BlackElo "2469"]
[Result "0-1"]
[Round "06"]
[TimeControl "180+2"]
[Date "2023.04.18"]
[WhiteClock "0:00:02"]
[BlackClock "0:00:01"]

1. d4 Nf6 2. c4 e6 3. Nf3 d5 4. Nc3 c6 5. cxd5 exd5 6. Bg5 h6 7. Bh4 Bf5 8. Qb3 g5 9. Bg3 Qb6 10. e3 Na6 11. Be5 Be7 12. Nd2 Nb4 13. Rc1 O-O 14. Na4 Qa5 15. a3 b5 16. axb4 Qxa4 17. Qxa4 bxa4 18. Rxc6 Rfc8 19. Bb5 Nd7 20. Bxa4 Nxe5 21. dxe5 Bxb4 22. Ke2 Rxc6 23. Bxc6 Rb8 24. Rd1 Ba5 25. b3 Be6 26. Ba4 Rc8 27. Nf3 Rc2+ 28. Kf1 Bc3 29. Nd4 Rb2 30. Nc6 a5 31. h3 Kg7 32. Kg1 Bf5 33. Rxd5 Bc2 34. Rc5 Bxb3 35. Bxb3 Rxb3 36. Nxa5 Rb1+ 37. Kh2 Be1 38. f3 h5 39. g4 h4 40. Kg2 Rb3 41. f4 Rxe3 42. f5 Rg3+ 43. Kf1 Bxa5 44. Rxa5 Rxh3 45. Ra7 Kf8 46. Ra8+ Kg7 47. f6+ Kh7 0-1


[Site "https://www.chess.com"]

[Event "Titled Tuesday Blitz April 18 Early 2023"]
[White "Dehtiarov, Roman"]
[Black "Gupta, Abhijeet"]
[WhiteFideId "14186640"]
[BlackFideId "5010608"]
[WhiteElo "2189"]
[BlackElo "2528"]
[Result "0-1"]
[Round "06"]
[TimeControl "180+2"]
[Date "2023.04.18"]
[WhiteClock "0:01:14"]
[BlackClock "0:01:50"]

1. c4 Nf6 2. Nc3 Nc6 3. d4 e5 4. d5 Ne7 5. e4 Ng6 6. Bd3 Bc5 7. a3 a5 8. Nf3 d6 9. Qe2 O-O 10. Be3 Bxe3 11. fxe3 c6 12. O-O cxd5 13. exd5 Bd7 14. Kh1 Ne8 15. b4 f5 16. e4 Nf4 17. Qc2 axb4 18. axb4 Rxa1 19. Rxa1 Qb6 20. Rb1 Qe3 21. Rd1 Nf6 22. exf5 Ng4 23. h3 Nf2+ 24. Kh2 Nxd1 25. f6 Qxd3 0-1


[Site "https://www.chess.com"]

[Event "Titled Tuesday Blitz April 18 Early 2023"]
[White "Demchenko, Anton"]
[Black "Bodi, Tibor"]
[WhiteFideId "4160258"]
[BlackFideId "701084"]
[WhiteElo "2545"]
[BlackElo "2187"]
[Result "1-0"]
[Round "06"]
[TimeControl "180+2"]
[Date "2023.04.18"]
[WhiteClock "0:00:37"]
[BlackClock "0:00:05"]

1. e4 c6 2. d4 d5 3. exd5 cxd5 4. Bd3 Nc6 5. c3 Nf6 6. Bf4 g6 7. Nf3 Bg7 8. O-O O-O 9. Nbd2 Nh5 10. Be3 f5 11. Nb3 f4 12. Bd2 e5 13. dxe5 Nxe5 14. Be2 Nc4 15. Nbd4 Nxb2 16. Qb3 Nc4 17. Bxc4 dxc4 18. Qxc4+ Kh8 19. Rad1 Qf6 20. h3 Bf5 21. Rfe1 Rac8 22. Qb3 b6 23. Bc1 Rfe8 24. Bb2 Be4 25. Qa4 a6 26. Qxa6 Bd5 27. Qd3 h6 28. Rxe8+ Rxe8 29. Qb5 Be4 30. Qxe8+ Kh7 31. Qxe4 1-0


[Site "https://www.chess.com"]

[Event "Titled Tuesday Blitz April 18 Early 2023"]
[White "Yeletsky, Ivan"]
[Black "Kucuksari, Kaan"]
[WhiteFideId "24180327"]
[BlackFideId "6380166"]
[WhiteElo "2422"]
[BlackElo "2364"]
[Result "1-0"]
[Round "06"]
[TimeControl "180+2"]
[Date "2023.04.18"]
[WhiteClock "0:00:06"]
[BlackClock "0:00:02"]

1. e4 c5 2. Nf3 e6 3. d4 cxd4 4. g3 e5 5. c3 dxc3 6. Nxc3 Nc6 7. Bh3 Nf6 8. O-O Be7 9. Bg5 d6 10. Bxc8 Rxc8 11. Bxf6 Bxf6 12. Rc1 O-O 13. Nd5 Bg5 14. Rc3 Bh6 15. Qc2 Qd7 16. b4 Kh8 17. Rd1 b5 18. Kg2 Qb7 19. a4 bxa4 20. Qxa4 Ne7 21. Ra3 Nxd5 22. Rxd5 f5 23. Qxa7 Qxa7 24. Rxa7 fxe4 25. Nh4 e3 26. fxe3 Bxe3 27. Rb7 Rc2+ 28. Kh3 g6 29. Rxd6 Bg1 30. Rdd7 Rxh2+ 31. Kg4 h5+ 32. Kg5 1-0


[Site "https://www.chess.com"]

[Event "Titled Tuesday Blitz April 18 Early 2023"]
[White "Zakhartsov, Vladimir"]
[Black "Kozin, Yuri"]
[WhiteFideId "4145097"]
[BlackFideId "4129920"]
[WhiteElo "2497"]
[BlackElo "2640"]
[Result "1-0"]
[Round "06"]
[TimeControl "180+2"]
[Date "2023.04.18"]
[WhiteClock "0:00:26"]
[BlackClock "0:00:19"]

1. d4 d5 2. c4 c6 3. Nf3 Nf6 4. Nbd2 a6 5. e3 Bf5 6. Nh4 Bg6 7. Nxg6 hxg6 8. Bd3 e6 9. h3 Be7 10. Nf3 O-O 11. O-O Nbd7 12. Qe2 Qc7 13. e4 dxe4 14. Bxe4 Nxe4 15. Qxe4 b5 16. b3 bxc4 17. bxc4 c5 18. Bb2 cxd4 19. Nxd4 Bf6 20. Rac1 Rab8 21. Ba1 Nc5 22. Qf3 Rbd8 23. Nb3 Rd3 24. Qe2 Rfd8 25. Bxf6 gxf6 26. Rfd1 Nxb3 27. axb3 Rxb3 28. Rxd8+ Qxd8 29. c5 Qd3 30. Qa2 Rc3 31. Qa1 Rc2 32. Qb1 Rd2 33. Qb8+ Qd8 34. Qf4 e5 35. Qc4 Qc8 36. c6 a5 37. c7 a4 38. Qxa4 Rd7 39. Qxd7 1-0


[Site "https://www.chess.com"]

[Event "Titled Tuesday Blitz April 18 Early 2023"]
[White "Skatchkov, Valery"]
[Black "Pichot, Alan"]
[WhiteFideId "24195812"]
[BlackFideId "110973"]
[WhiteElo "2262"]
[BlackElo "2573"]
[Result "0-1"]
[Round "06"]
[TimeControl "180+2"]
[Date "2023.04.18"]
[WhiteClock "0:00:06"]
[BlackClock "0:00:25"]

1. d4 Nf6 2. c4 e6 3. Nf3 d5 4. g3 Be7 5. Bg2 O-O 6. Nc3 dxc4 7. Ne5 c5 8. dxc5 Qc7 9. Nxc4 Qxc5 10. b3 Nc6 11. O-O Rd8 12. Qc2 Nd4 13. Qb2 Qh5 14. Be3 Nf5 15. h3 Nxe3 16. Nxe3 Bc5 17. Rad1 Bd7 18. Bxb7 Rab8 19. Bg2 Bxe3 20. fxe3 Qe5 21. Rd3 Bb5 22. Rxd8+ Rxd8 23. Kh2 h5 24. Rf4 Bxe2 25. Qxe2 Qxc3 26. Rc4 Qe5 27. Qc2 Qxe3 28. a4 Qe5 29. b4 g5 30. Rc5 Nd5 31. Qc4 h4 32. Qg4 Kg7 33. b5 Qe3 34. Rc4 Nf6 35. Qf3 Qxf3 36. Bxf3 Rd3 37. Kg1 Rxf3 0-1


[Site "https://www.chess.com"]

[Event "Titled Tuesday Blitz April 18 Early 2023"]
[White "Bachmann, Axel"]
[Black "Taichman, Ori"]
[WhiteFideId "3700488"]
[BlackFideId "2804069"]
[WhiteElo "2605"]
[BlackElo "2237"]
[Result "1-0"]
[Round "06"]
[TimeControl "180+2"]
[Date "2023.04.18"]
[WhiteClock "0:00:53"]
[BlackClock "0:00:02"]

1. e4 c5 2. Nf3 Nc6 3. d4 cxd4 4. Nxd4 d5 5. Nxc6 bxc6 6. Bd3 dxe4 7. Bxe4 Qxd1+ 8. Kxd1 Bb7 9. c4 O-O-O+ 10. Kc2 Nf6 11. Bf3 c5 12. Bxb7+ Kxb7 13. Be3 e6 14. f3 Bd6 15. Nc3 Kc6 16. Rad1 Be5 17. Ne2 h5 18. Bf4 Bxf4 19. Nxf4 g5 20. Nd3 Nd7 21. b3 e5 22. Nf2 Nf6 23. Nd3 Nd7 24. Rhe1 f6 25. Nf2 f5 26. Rd5 g4 27. Red1 Rhg8 28. Nd3 gxf3 29. gxf3 e4 30. fxe4 fxe4 31. Nxc5 Rg2+ 32. Kb1 Nxc5 33. Rxd8 Rxh2 34. R8d6+ Kc7 35. Rh6 Nd3 36. Rg1 Ne5 37. Rg7+ Nd7 38. Rhh7 Rd2 39. Rxh5 e3 40. Kc1 Rxa2 41. Rhh7 Rd2 42. Re7 Kc6 43. Rxe3 Rd6 44. Kc2 a5 45. Kc3 Nc5 46. Rh5 Kb6 47. Ree5 Rc6 48. Rd5 Ne4+ 49. Kd4 Nd2 50. Rb5+ Kc7 51. Rh7+ Kc8 52. Rf5 Nxb3+ 53. Kc3 Nc5 54. Rf8# 1-0


[Site "https://www.chess.com"]

[Event "Titled Tuesday Blitz April 18 Early 2023"]
[White "Sadhwani, Raunak"]
[Black "Kosteniuk, Alexandra"]
[WhiteFideId "35093487"]
[BlackFideId "4128125"]
[WhiteElo "2631"]
[BlackElo "2453"]
[Result "1-0"]
[Round "06"]
[TimeControl "180+2"]
[Date "2023.04.18"]
[WhiteClock "0:00:07"]
[BlackClock "0:00:03"]

1. Nf3 f5 2. d3 Nf6 3. e4 d6 4. exf5 Bxf5 5. d4 g6 6. Bd3 Bxd3 7. Qxd3 Bg7 8. Qb5+ Nbd7 9. Ng5 e6 10. O-O Qe7 11. Qxb7 O-O 12. Re1 e5 13. Nc3 Nb6 14. dxe5 dxe5 15. a4 h6 16. Nge4 Rab8 17. Qc6 Kh7 18. a5 Nc8 19. b3 Nd6 20. Ba3 Rbd8 21. Rad1 Nfe8 22. Nb5 Qf7 23. Nbxd6 cxd6 24. c4 Qf5 25. Bxd6 Nxd6 26. Rxd6 Rb8 27. Rd3 Rbd8 28. Rde3 Rd4 29. h3 h5 30. Rf3 Qc8 31. Qxc8 Rxc8 32. Ng5+ Kg8 33. Ne6 e4 34. Nf4 exf3 35. Nxg6 Rd7 36. Ne7+ Rxe7 37. Rxe7 Bd4 38. gxf3 Rb8 39. Rd7 Bc5 40. Rd5 Bb4 41. Rxh5 Rf8 42. Kg2 Rf6 43. Rb5 Bd6 44. Rb7 Bc5 45. Rb5 Rg6+ 46. Kf1 Rc6 47. Ke2 a6 48. Rb7 Bd4 49. Kd3 Bxf2 50. b4 Rf6 51. Ke2 Bd4 52. c5 Rf4 53. Kd3 Be5 54. Rb6 Rd4+ 55. Kc2 Rc4+ 56. Kb3 Rc3+ 57. Ka4 Rxf3 58. Rxa6 Kf7 59. Rb6 Bc7 60. Rb7 1-0


[Site "https://www.chess.com"]

[Event "Titled Tuesday Blitz April 18 Early 2023"]
[White "Shimanov, Aleksandr"]
[Black "jinbojinbo"]
[WhiteFideId "4198603"]
[WhiteElo "2631"]
[BlackElo "2710"]
[Result "1-0"]
[Round "06"]
[TimeControl "180+2"]
[Date "2023.04.18"]
[WhiteClock "0:01:08"]
[BlackClock "0:00:41"]

1. e4 e5 2. Nf3 Nc6 3. Nc3 Nf6 4. h3 d5 5. exd5 Nxd5 6. Bb5 Nxc3 7. bxc3 Bd6 8. O-O O-O 9. Re1 Re8 10. d4 exd4 11. Rxe8+ Qxe8 12. cxd4 Bd7 13. Rb1 b6 14. Bf1 h6 15. c4 Bf5 16. Rb3 Rd8 17. Re3 Qf8 18. d5 Bf4 19. Re1 Bxc1 20. Qxc1 Na5 21. Nd4 Bg6 22. Qf4 Qc5 23. Nb5 c6 24. Qc7 Ra8 25. Nc3 cxd5 26. Qxc5 bxc5 27. cxd5 Rd8 28. Re7 a6 29. Bxa6 c4 30. Rc7 Rb8 31. d6 1-0


[Site "https://www.chess.com"]

[Event "Titled Tuesday Blitz April 18 Early 2023"]
[White "Narayanan.S.L"]
[Black "Prohaszka, Peter"]
[WhiteFideId "5058422"]
[BlackFideId "726265"]
[WhiteElo "2547"]
[BlackElo "2626"]
[Result "1-0"]
[Round "06"]
[TimeControl "180+2"]
[Date "2023.04.18"]
[WhiteClock "0:00:20"]
[BlackClock "0:00:01"]

1. e4 c6 2. d3 d5 3. Be2 Qc7 4. Nf3 e5 5. O-O Nf6 6. Nbd2 Bd6 7. c3 O-O 8. Re1 Re8 9. Bf1 Bg4 10. h3 Bh5 11. Qc2 Nbd7 12. Nh4 a5 13. a4 Bf8 14. Nb3 dxe4 15. dxe4 Nc5 16. Nxc5 Bxc5 17. Bg5 Nd7 18. Nf5 Nf8 19. Be2 Bg6 20. Rad1 Ne6 21. Bc1 Rad8 22. Bc4 Qb6 23. Rf1 Nf4 24. b3 Bh5 25. Rxd8 Qxd8 26. Kh2 Qf6 27. g3 Ne6 28. Be3 Bf3 29. Nh4 Bh5 30. Be2 Bxe2 31. Qxe2 g6 32. Rd1 Rd8 33. Rb1 Bxe3 34. Qxe3 Kg7 35. Nf3 Rd7 36. Kg2 h6 37. b4 Ng5 38. Nxg5 hxg5 39. bxa5 Qe7 40. Rb4 f6 41. Qb6 Kh6 42. a6 bxa6 43. Qxc6 a5 44. Rb8 Rd8 45. Rb7 Qd6 46. Qc4 Qd3 47. Qc6 Qe2 48. Qc7 Qxe4+ 49. Kh2 1-0


[Site "https://www.chess.com"]

[Event "Titled Tuesday Blitz April 18 Early 2023"]
[White "Martinez Ramirez, Lennis"]
[Black "Bryant, John Daniel"]
[WhiteFideId "3509079"]
[BlackFideId "2031280"]
[WhiteElo "2410"]
[BlackElo "2455"]
[Result "0-1"]
[Round "06"]
[TimeControl "180+2"]
[Date "2023.04.18"]
[WhiteClock "0:00:03"]
[BlackClock "0:00:04"]

1. c4 g6 2. d4 Bg7 3. e4 d6 4. Nc3 Nf6 5. Nf3 O-O 6. Be2 e5 7. d5 a5 8. Bg5 h6 9. Be3 Ng4 10. Bd2 f5 11. h3 Nf6 12. exf5 gxf5 13. Qc2 Na6 14. a3 Nc5 15. O-O a4 16. Be3 Nb3 17. Rae1 f4 18. Bc1 Nc5 19. Bd3 Nxd3 20. Qxd3 Nd7 21. Ne4 b6 22. Nfd2 Nc5 23. Nxc5 bxc5 24. Ne4 Qe8 25. Qf3 Qg6 26. Kh2 Kh7 27. Rg1 Bf5 28. g4 fxg3+ 29. Rxg3 Bxe4 30. Qxe4 Rxf2+ 31. Kg1 Qxe4 32. Rxe4 Rc2 33. Re1 e4 34. Rf1 Bd4+ 35. Kh1 Rg8 36. Rxg8 Kxg8 37. Bxh6 e3 38. Rf8+ Kh7 39. Bxe3 Bxe3 40. Rf7+ Kg6 41. Rxc7 Rxb2 42. Rc6 Bf4 43. Kg1 Kf5 44. h4 Ke4 45. Ra6 Kf3 0-1


[Site "https://www.chess.com"]

[Event "Titled Tuesday Blitz April 18 Early 2023"]
[White "Amilal Munkhdalai"]
[Black "Lenderman, Aleksandr"]
[WhiteFideId "4903250"]
[BlackFideId "2021285"]
[WhiteElo "2293"]
[BlackElo "2607"]
[Result "1-0"]
[Round "06"]
[TimeControl "180+2"]
[Date "2023.04.18"]
[WhiteClock "0:00:25"]
[BlackClock "0:01:51"]

1. e4 g6 2. d4 Bg7 3. Nc3 c6 4. Be3 d5 5. Nf3 dxe4 6. Nxe4 Nf6 7. Nxf6+ exf6 8. h3 O-O 9. Bc4 Na6 10. O-O Nc7 11. Qd2 Nd5 12. Bh6 Be6 13. Bxg7 Kxg7 14. Rfe1 Qd6 15. Bf1 Rad8 16. c3 Qc7 17. Qc2 Nf4 18. Nd2 Bd5 19. Ne4 Rfe8 20. Nc5 b6 21. Nd3 Nxd3 22. Bxd3 Rxe1+ 23. Rxe1 c5 24. c4 Bb7 25. d5 Bc8 26. Qc3 Qd6 27. b3 Bd7 28. Bf1 h5 29. h4 a6 30. a4 Rb8 31. g3 b5 32. axb5 axb5 33. Ra1 bxc4 34. bxc4 Rb4 35. Qe3 Qb6 36. Qe7 Bc8 37. Ra8 Qb7 38. Qxb7 Bxb7 39. Ra5 Rb1 40. Rxc5 Kf8 41. Rc7 Ba6 42. Kg2 Ke8 43. Rc6 f5 44. Rxa6 1-0


[Site "https://www.chess.com"]

[Event "Titled Tuesday Blitz April 18 Early 2023"]
[White "Steinberg, Nitzan"]
[Black "Shuvalova, Polina"]
[WhiteFideId "2801795"]
[BlackFideId "24171760"]
[WhiteElo "2486"]
[BlackElo "2281"]
[Result "1-0"]
[Round "06"]
[TimeControl "180+2"]
[Date "2023.04.18"]
[WhiteClock "0:00:16"]
[BlackClock "0:00:04"]

1. d4 Nf6 2. Nf3 d5 3. Bf4 c5 4. e3 Nc6 5. Nbd2 Bg4 6. c3 e6 7. h3 Bh5 8. Bb5 Be7 9. g4 Bg6 10. Ne5 Rc8 11. h4 h6 12. Nxg6 fxg6 13. Qc2 Kf7 14. h5 g5 15. Bg3 Rf8 16. Nf3 Kg8 17. Bxc6 bxc6 18. Ne5 Ne4 19. O-O Bd6 20. Ng6 Rf7 21. Bxd6 Qxd6 22. f3 Nf6 23. Qh2 Qxh2+ 24. Kxh2 Rb7 25. b3 c4 26. b4 Ra8 27. Ne5 Rb6 28. Rfb1 a6 29. a4 Rc8 30. Rb2 Kf8 31. Kg3 Ke7 32. Rab1 Nd7 33. Ng6+ Kd6 34. e4 e5 35. a5 Rbb8 36. Rd1 exd4 37. Rxd4 Re8 38. Rbd2 Rbc8 39. Rxc4 Ne5 40. Nxe5 Rxe5 41. exd5 Rxd5 42. Rxd5+ Kxd5 43. Rd4+ Ke5 44. Rd7 c5 45. Rxg7 c4 46. Rg6 Rd8 47. Rc6 Kd5 48. Rc5+ Kd6 49. Rxc4 Re8 50. Rc5 Re1 51. Rf5 Rg1+ 52. Kf2 Rc1 53. Rf6+ Kd5 54. Rxh6 Rxc3 55. Rxa6 1-0


[Site "https://www.chess.com"]

[Event "Titled Tuesday Blitz April 18 Early 2023"]
[White "Dimitrov, Atanas"]
[Black "Anton Guijarro, David"]
[WhiteFideId "2901315"]
[BlackFideId "2285525"]
[WhiteElo "2672"]
[BlackElo "2618"]
[Result "0-1"]
[Round "06"]
[TimeControl "180+2"]
[Date "2023.04.18"]
[WhiteClock "0:00:03"]
[BlackClock "0:00:05"]

1. e4 c5 2. Nc3 Nc6 3. Nf3 d6 4. d4 cxd4 5. Nxd4 e5 6. Nde2 h5 7. h3 Be6 8. g3 Be7 9. Bg2 Qd7 10. Be3 Nf6 11. Nd5 Bd8 12. c3 O-O 13. Qd2 Bxd5 14. exd5 Ne7 15. O-O Nf5 16. Bg5 Nh7 17. Bxd8 Qxd8 18. Be4 Nh6 19. Bg2 Re8 20. c4 Rc8 21. Rac1 f5 22. b4 b6 23. Qd3 h4 24. Qb3 hxg3 25. Nxg3 f4 26. Ne4 Nf5 27. c5 Ng5 28. Nxg5 Qxg5 29. Kh1 Nd4 30. Qd3 bxc5 31. bxc5 Rxc5 32. Rxc5 dxc5 33. Be4 Qh4 34. Kg2 Rf8 35. Bf3 Rf6 36. Rc1 Qg5+ 37. Kh2 Nxf3+ 38. Qxf3 Rg6 39. d6 Rxd6 40. Rxc5 Rg6 41. Rc8+ Kh7 42. Rc1 Qf5 43. Re1 Qg5 44. a4 a5 45. Rb1 Kh6 46. Re1 Rd6 47. Qa8 Kh7 48. Qe4+ Rg6 49. Qf3 Qf5 50. Re4 Rd6 51. Qe2 Rd5 52. Qf3 Rd2 53. Qg2 Rxf2 54. Qxf2 Qxe4 55. Qh4+ Kg6 56. Qd8 Qe2+ 57. Kg1 Qe1+ 58. Kh2 Qg3+ 59. Kh1 Qxh3+ 60. Kg1 Qg3+ 61. Kf1 Qh3+ 62. Ke1 Qc3+ 63. Kf1 Qc4+ 64. Kg2 Qc6+ 65. Kh3 Qe6+ 66. Kh2 e4 67. Qh4 e3 68. Qe1 e2 69. Kg2 Qe4+ 70. Kf2 Qe3+ 71. Kg2 Qg3+ 72. Qxg3+ fxg3 0-1


[Site "https://www.chess.com"]